 Dungeon Crawl Stone Soup version 0.27-a0-797-g27d10ad80f (webtiles) character file.

Game seed: 6650913497694464555

200758 kilomeow the Thaumaturge (level 18, -18/147 HPs)
             Began as a Gnoll Hedge Wizard on Mar 23, 2021.
             Was a High Priest of Ashenzari.
             Hit by a javelin thrown by a merfolk javelineer (22 damage)
             ... on level 3 of the Shoals on Mar 27, 2021.
             The game lasted 10:55:35 (69125 turns).

kilomeow the Thaumaturge (Gnoll Hedge Wizard)      Turns: 69125, Time: 10:55:36

Health: -18/147    AC: 12    Str: 10    XL:     18   Next: 52%
Magic:  26/34      EV: 19    Int: 23    God:    Ashenzari [*****.]
Gold:   1207       SH:  7    Dex: 12    Spells: 5/49 levels left

rFire    . . .     SeeInvis +   k - staff of poison (curse) {Alch, Comp}
rCold    . . .     Faith    .   T - +0 buckler "Share My Disappointment" {Cun, Fort} (curse)
rNeg     + . .     Spirit   .   L - +0 robe "Boredom of Ashenzari" {Int+2 Stlth+, Evo, Cun} (curse)
rPois    +         Reflect  .   c - +0 hat "Servitude of the Sphere" {Bglg, Evo} (curse)
rElec    .         Harm     .   p - +2 cloak of the Shattered Comet {Elem, Evo} (curse)
rCorr    .         Rampage  .   v - +0 pair of gloves "All-seeing Fetters" {Bglg, Alch} (curse)
Will     ++...     Clarity  +   b - +2 pair of boots of Ashenzari's Doubts {Evo, Self} (curse)
Stlth    +++++++...             M - amulet of magic regeneration
HPRegen  0.34/turn              g - ring of willpower
MPRegen  0.49/turn              W - ring of Ashenzari's Moon {Wiz rN+, Evo, Elem} (curse)

@: no status effects
A: fangs 1, strong nose, distributed training, low mp 1
}: 1/15 runes: gossamer
a: Renounce Religion, Curse Item, Shatter the Chains


You were on level 3 of the Shoals.
You worshipped Ashenzari.
Ashenzari was extremely pleased with you.
You visited 7 branches of the dungeon, and saw 32 of its levels.
You visited the Abyss 1 time.
You also visited: Gauntlet.

You collected 2795 gold pieces.
You spent 1588 gold pieces at shops.

Inventory:

Missiles
 r - 121 poisoned darts (quivered)
 E - 22 boomerangs of dispersal
 G - 15 atropa-tipped darts
 V - 2 throwing nets
Armour
 b - the cursed +2 pair of boots of Ashenzari's Doubts (worn) {Evo, Self}
   (You found it on level 3 of the Dungeon)

   It has a curse which improves the following skills: Evocations: Evocations.
   Introspection: Fighting and Spellcasting.
 c - the cursed +0 hat "Servitude of the Sphere" (worn) {Bglg, Evo}

   It has a curse which improves the following skills: Beguiling: Conjurations,
   Hexes and Translocations.
   Evocations: Evocations.
 p - the cursed +2 cloak of the Shattered Comet (worn) {Elem, Evo}
   (You found it on level 4 of the Dungeon)

   It has a curse which improves the following skills: Elements: Fire Magic, Ice
   Magic, Air Magic and Earth Magic.
   Evocations: Evocations.
 v - the cursed +0 pair of gloves "All-seeing Fetters" (worn) {Bglg, Alch}
   (You found it on level 6 of the Dungeon)

   It has a curse which improves the following skills: Beguiling: Conjurations,
   Hexes and Translocations.
   Alchemy:   Poison Magic and Transmutations.
 L - the cursed +0 robe "Boredom of Ashenzari" (worn) {Int+2 Stlth+, Evo, Cun}
   (You bought it in a shop on level 7 of the Dungeon)

   It affects your intelligence (+2).
   It makes you more stealthy.
   It has a curse which improves the following skills: Evocations: Evocations.
   Cunning:   Dodging and Stealth.
 O - a +1 cloak of willpower
 T - the cursed +0 buckler "Share My Disappointment" (worn) {Cun, Fort}
   (You took it off a tengu conjurer on level 14 of the Dungeon)

   It has a curse which improves the following skills: Cunning: Dodging and
   Stealth.
   Fortitude: Armour and Shields.
Magical Staves
 k - a cursed staff of poison (weapon) {Alch, Comp}
Jewellery
 g - a ring of willpower (left hand)
 s - a ring of protection from fire
 y - a ring of resist corrosion
 I - a ring of protection from cold
 M - an amulet of magic regeneration (around neck)
 P - a ring of positive energy
 W - the cursed ring of Ashenzari's Moon (right hand) {Wiz rN+, Evo, Elem}
   (You took it off a minotaur in a Gauntlet)

   [ring of wizardry]

   It improves your spell success rate.
   It protects you from negative energy.
   It has a curse which improves the following skills: Evocations: Evocations.
   Elements:  Fire Magic, Ice Magic, Air Magic and Earth Magic.
Wands
 d - a wand of random effects (24)
 m - a wand of polymorph (30)
 q - a wand of iceblast (16)
 t - a wand of charming (11)
 B - a wand of paralysis (39)
 F - a wand of digging (6)
 N - a wand of mindburst (4)
 R - a wand of acid (21)
 Y - a wand of flame (10)
Scrolls
 a - 3 scrolls of torment
 e - a scroll of silence
 f - 3 scrolls of immolation
 l - 2 scrolls of enchant armour
 o - 2 scrolls of blinking
 w - 5 scrolls of fear
 x - 4 scrolls of enchant weapon
 z - 4 scrolls of amnesia
 D - 4 scrolls of magic mapping
 H - 4 scrolls of fog
 J - 8 scrolls of teleportation
 S - a scroll of holy word
 U - a scroll of summoning
Potions
 h - 7 potions of might
 i - 3 potions of curing
 j - 6 potions of berserk rage
 n - 2 potions of heal wounds
 u - 4 potions of invisibility
 A - 3 potions of haste
 C - 4 potions of brilliance
 K - a potion of magic
 Q - 5 potions of lignification
 X - a potion of flight
 Z - 3 potions of ambrosia


   Skills:
 + Level 12.2(14.5) Fighting
 + Level 12.2 Short Blades
 + Level 12.2 Long Blades
 + Level 12.2 Axes
 + Level 12.2 Maces & Flails
 + Level 12.2 Polearms
 + Level 12.2 Staves
 + Level 12.2 Slings
 + Level 12.2 Bows
 + Level 12.2 Crossbows
 + Level 12.2 Throwing
 + Level 12.2(14.5) Armour
 + Level 12.9(16.5) Dodging
 + Level 12.8(16.4) Stealth
 + Level 12.2(14.5) Shields
 + Level 12.2 Unarmed Combat
 + Level 13.8(16.0) Spellcasting
 + Level 10.7(14.4) Conjurations
 + Level 10.4(14.2) Hexes
 + Level 10.7(13.1) Summonings
 + Level 10.4(12.9) Necromancy
 + Level 10.7(14.4) Translocations
 + Level 10.4(14.2) Transmutations
 + Level 10.4(14.2) Fire Magic
 + Level 10.4(14.2) Ice Magic
 + Level 10.4(14.2) Air Magic
 + Level 10.4(14.2) Earth Magic
 + Level 10.4(14.2) Poison Magic
 + Level 13.2 Invocations
 + Level 12.2(19.0) Evocations


You had 5 spell levels left.
You knew the following spells:

 Your Spells              Type           Power      Damage    Failure   Level
a - Magic Dart            Conj           100%       1d8       0%          1
b - Blink                 Tloc           N/A        N/A       0%          2
c - Call Imp              Summ           68%        N/A       0%          2
d - Olgreb's Toxic Radia  Pois           90%        N/A       1%          4
e - Mephitic Cloud        Conj/Pois/Air  90%        N/A       1%          3
f - Iron Shot             Conj/Erth      35%        9d7       1%          6
g - Passwall              Tmut/Erth      59%        N/A       0%          2
h - Petrify               Tmut/Erth      71%        N/A       1%          4
i - Lee's Rapid Deconstr  Erth           35%        3d19*     1%          5
j - Stone Arrow           Conj/Erth      100%       3d13      1%          3
k - Yara's Violent Unrav  Hex/Tmut       35%        3d14      1%          5
m - Swiftness             Air            71%        N/A       0%          2
n - Metabolic Englaciati  Hex/Ice        35%        N/A       1%          5

Your spell library contained the following spells:

 Spells                   Type           Power      Damage    Failure   Level
 Beastly Appendage        Tmut           100%       N/A       0%          1
 Sandblast                Erth           100%       2d20      0%          1
 Shock                    Conj/Air       100%       1d9       0%          1
 Sting                    Tmut/Pois      100%       1d8       0%          1
 Poisonous Vapours        Pois/Air       100%       N/A       0%          2
 Slow                     Hex            71%        N/A       0%          2
 Wereblood                Tmut           71%        N/A       0%          2
 Confusing Touch          Hex            71%        N/A       1%          3
 Conjure Flame            Conj/Fire      71%        6-21      1%          3
 Gell's Gravitas          Tloc           35%        N/A       1%          3
 Ignite Poison            Fire/Tmut/Pois 90%        N/A       1%          3
 Spider Form              Tmut/Pois      45%        N/A       1%          3
 Static Discharge         Conj/Air       71%        N/A       1%          3
 Airstrike                Air            35%        N/A       1%          4
 Ice Form                 Ice/Tmut       71%        N/A       1%          4
 Blade Hands              Tmut           35%        N/A       1%          5
 Bolt of Magma            Conj/Fire/Erth 35%        4d15      1%          5
 Iskenderun's Battlesphe  Conj           71%        2d12      1%          5
 Lightning Bolt           Conj/Air       35%        1d53      1%          5
 Orb of Destruction       Conj           35%        9d13      2%          7
 Spellforged Servitor     Conj/Summ      34%        N/A       3%          7
 Chain Lightning          Conj/Air       35%        N/A       22%         8
 Lehudib's Crystal Spear  Conj/Erth      35%        10d9      22%         8
 Fire Storm               Conj/Fire      35%        8d9       96%         9
 Absolute Zero            Ice            35%        ∞         97%         9


Dungeon Overview and Level Annotations

Branches:
Dungeon (15/15)            Temple (1/1) D:5            Lair (6/6) D:8
 Shoals (3/4) Lair:2       Spider (4/4) Lair:4        Slime (0/5) Lair:5
    Orc (2/2) D:9             Elf (1/3) Orc:2        Vaults (0/5) D:14
 Depths (0/5) D:15        Gauntlet (visited)

Altars:
Ashenzari
Dithmenos
Elyvilon
Gozag
Hepliaklqana
Makhleb
Nemelex Xobeh
Okawaru
Ru
Sif Muna
Trog
Vehumet
Wu Jian
Xom
Zin
The Shining One
Beogh
Jiyva

Shops:
D:2 :   D:7 [[(!!   D:9 :   D:11 *[   Orc:2 ([(?   Shoals:3 [

Annotations:
D:6 exclusion: 2 downstairs
D:7 exclusions: 4 doors and downstairs
D:9 1 exclusion
D:11 3 runed translucent doors, exclusions: 3 doors, downstairs and 3 more exclusions, ThereIsNoGod's ghost, journeyman OpFi
D:12 exclusions: deep elf pyromancer and 1 more exclusion
D:13 exclusion: centaur warrior
D:14 1 runed translucent door, exclusions: 7 doors and 2 downstairs
Lair:1 exclusion: 2 downstairs
Lair:3 exclusions: downstairs, hydra and 4 more exclusions, Fannar
Lair:4 exclusion: plant
Shoals:1 exclusion: downstairs
Shoals:2 1 runed translucent door, exclusions: door, 2 downstairs and water elemental, Ineot's ghost, adept HaHu
Shoals:3 1 exclusion, Ilsuiw; Mara
Spider:1 exclusion: 2 downstairs
Orc:2 exclusion: downstairs


Innate Abilities, Weirdness & Mutations

You have very sharp teeth.
Your uncanny sense of smell can sniff out nearby items.
Your experience applies equally to all skills.
Your magical capacity is low. (-10% MP)


Message History

Aiming: Mephitic Cloud (safe; 1% risk of failure)
Press: ? - help, Shift-Dir - straight line Out of range.
Okay, then.
Casting: Mephitic Cloud (safe; 1% risk of failure)
Confirm with . or Enter, or press ? or * to list all spells.
You feel a surge of power!
Your toxic radiance grows in intensity.
The merfolk javelineer looks even sicker.
The merfolk looks even sicker. x2
The merfolk javelineer throws a javelin.
The javelin pierces through you!!
The merfolk looks as sick as possible!
Casting: Olgreb's Toxic Radiance (safe; 1% risk of failure)
Confirm with . or Enter, or press ? or * to list all spells.
Aiming: Mephitic Cloud (safe; 1% risk of failure)
Press: ? - help, Shift-Dir - straight line You feel a surge of power!
The ball explodes into a vile cloud!
The stinking cloud engulfs the merfolk but does no damage.
The merfolk is moderately wounded.
You hear a shout!
The merfolk is engulfed in noxious fumes.
The merfolk appears confused.
The merfolk javelineer throws a javelin.
The javelin pierces through you!
The merfolk is engulfed in noxious fumes.
The merfolk appears confused.
A merfolk comes into view. It is wielding a +0 trident.
Ilsuiw is poisoned.
The merfolk shouts!
The merfolk is poisoned.
Your toxic aura wanes.
You hear a shout!
The merfolk javelineer throws a javelin.
The javelin pierces through you! Ilsuiw casts a spell at you.
The shard of ice hits you!!!
* * * LOW HITPOINT WARNING * * *
The merfolk javelineer throws a javelin.
The javelin pierces through you!!
You die...

E≈≈≈≈>≈≈≈.##....≈..######.P.≈≈.##
≈≈≈≈≈≈≈≈≈####.)≈≈.#######.P≈≈≈.##
≈≈≈m≈≈≈≈..###.≈≈≈.#####.......PPP
##.(≈≈≈≈≈.##..≈≈≈≈.#........PP..P
###.≈§≈≈≈..m.○§☼≈.##...P###.PP..≈
##..≈≈≈≈≈.>.≈☼§§≈##.#.PP######.≈≈
...≈≈≈≈≈≈.≈≈m§§§≈...)..P.####.P≈≈
.≈≈≈≈≈≈≈≈≈≈≈≈≈≈≈≈........P..#.P≈≈
≈≈≈≈≈≈≈≈≈≈≈≈m≈≈≈@.....≈≈.....PP≈≈
≈≈≈≈≈≈≈≈≈≈≈≈≈≈≈≈m≈...≈≈≈≈...P≈≈≈≈
≈≈≈≈≈≈≈≈≈≈≈≈≈≈≈≈≈.≈≈≈≈≈.≈≈≈PPP≈≈≈
≈≈≈≈≈≈≈≈≈≈≈≈≈≈≈≈≈≈≈≈≈≈≈≈≈≈≈PP≈≈≈≈
≈≈≈≈≈≈≈≈≈≈≈≈≈≈≈≈≈≈≈≈≈≈≈≈≈≈≈≈≈≈≈≈≈
≈≈≈≈≈≈≈≈≈≈≈≈≈≈≈≈≈≈≈≈≈≈≈≈≈≈≈≈≈≈≈≈≈
≈ ≈≈ ≈ ≈≈≈≈≈≈≈≈≈≈≈≈≈≈≈≈≈≈≈≈≈≈≈≈≈
≈≈ ≈≈≈≈≈≈≈≈≈≈≈≈≈≈≈≈≈≈≈≈≈≈≈≈≈ ≈≈≈≈
≈≈ ≈≈≈≈≈≈≈≈≈≈≈≈≈≈≈ ≈ ≈


You could see Ilsuiw (poisoned), a merfolk javelineer (poisoned) and 2 merfolk.

Vanquished Creatures
  Arachne (Spider:2)
  Rupert (Spider:1)
  Frances (D:12)
  A kraken (Shoals:1)
  Louise (Spider:1)
  An orc warlord (Orc:2)
  11 emperor scorpions
  5 ghost moths
  2 vampire knights (D:13)
  2 entropy weavers (Spider:3)
  A spark wasp (Spider:3)
  A minotaur (Gauntlet)
  2 merfolk javelineers
  2 merfolk impalers (Shoals:2)
  Erolcha (D:13)
  Josephine (D:12)
  A hydra (shapeshifter) (D:13)
  A death knight (D:15)
  5 hydras
  4 merfolk avatars
  2 ogre magi
  5 boulder beetles
  Erica (D:9)
  2 catoblepae
  A satyr (Shoals:3)
  3 centaur warriors
  2 tengu warriors (D:14)
  18 two-headed ogres
  4 orc high priests (Orc:2)
  Nergalle (D:10)
  A skeletal warrior (D:15)
  4 unseen horrors
  2 wizards (D:15)
  6 sea snakes
  4 deep elf pyromancers
  A wolf spider zombie (D:15)
  17 orb spiders
  A necromancer (D:15)
  5 orc knights
  4 harpies
  6 orc sorcerers
  7 ugly things
  4 oklob plants (Lair:4)
  40 wolf spiders
  2 cyclopes (Shoals:2)
  2 fauns (Shoals:3)
  13 elephants
  7 manticores
  A centaur zombie (D:11)
  3 moths of wrath
  5 merfolk sirens
  A naga mage (D:15)
  3 black mambas
  4 molten gargoyles (D:9)
  An ice statue (Abyss:3)
  6 cane toads
  Joseph (D:8)
  2 torpor snails
  2 gargoyles
  3 rime drakes
  2 freezing wraiths (D:15)
  2 kobold demonologists
  3 yaktaurs (D:14)
  An efreet (D:15)
  6 komodo dragons
  A tengu conjurer (D:14)
  11 demonic crawlers
  8 merfolk
  6 trolls
  11 hornets
  4 meliai
  2 harpy skeletons (D:15)
  22 jumping spiders
  3 wind drakes
  2 polar bears (Lair:5)
  3 tyrant leeches (D:13)
  8 blink frogs
  11 dream sheep
  2 snapping turtles
  A meliai zombie (D:11)
  3 vampires
  49 redbacks
  11 flying skulls (Gauntlet)
  A centaur simulacrum (D:15)
  7 wraiths
  2 water elementals
  32 tarantellas
  3 wyverns
  54 yaks
  7 vampire mosquitoes
  A basilisk (Lair:4)
  20 wargs
  2 ghosts (D:13)
  An acid dragon (D:13)
  8 water moccasins
  A swamp drake (D:9)
  A hornet zombie (D:11)
  3 sky beasts
  3 black bears
  3 ice beasts
  45 orc warriors
  4 wolves
  15 ogres
  18 centaurs
  7 kobold brigands
  19 bullfrogs
  2 water moccasin zombies
  A wyvern skeleton (D:10)
  2 scorpions
  3 killer bees (D:10)
  9 howler monkeys
  16 wights
  7 electric eels
  7 jellies
  2 quasits
  9 hounds
  43 orc priests
  4 centaur skeletons
  2 bullfrog skeletons
  6 removed worker ants
  3 iguanas
  29 orc wizards
  3 hell rats
  A howler monkey zombie (D:10)
  A removed worker ant zombie (D:8)
  2 gnolls
  8 adders
  A shadow imp (D:10)
  4 white imps
  4 ufetubi
  3 adder zombies
  3 worms
  170 orcs
  5 ball pythons
  3 bats
  6 endoplasms
  3 giant cockroaches
  6 goblins
  3 hobgoblins (D:2)
  6 jackals
  14 kobolds
  5 quokkas
  2 frilled lizards
  A jackal skeleton (D:4)
  3 quokka skeletons
  2 rats
  2 butterflies (Lair:4)
  A tentacle (Shoals:1)
1078 creatures vanquished.

Vanquished Creatures (collateral kills)
  A hydra (Lair:2)
  A wyvern (D:8)
  5 wargs (D:7)
  An orc warrior (D:6)
  A bullfrog (D:6)
  A gnoll sergeant (D:5)
  2 howler monkeys
  A jelly (D:5)
  2 hounds (D:5)
  2 orc priests
  Crazy Yiuf (D:7)
  2 orc wizards
  A hell rat (Lair:3)
  3 gnolls
  An adder (D:3)
  4 orcs
29 creatures vanquished.

Vanquished Creatures (others)
  A basilisk (D:8)
  A water moccasin (D:8)
  A sky beast (D:8)
  A hound zombie (D:8)
  An orc (D:7)
  2 bushes (D:8)
  43 fungi
  105 plants
  17 tentacles (Shoals:1)
172 creatures vanquished.

Grand Total: 1279 creatures vanquished

Notes
Turn   | Place    | Note
-------+----------+-------------------------------------------
     0 | D:1      | kilomeow the Gnoll Hedge Wizard began the quest for the
                  | Orb.
     0 | D:1      | Reached XP level 1. HP: 13/13 MP: 8/8
   138 | D:1      | Reached XP level 2. HP: 19/19 MP: 2/10
   752 | D:2      | Found a shimmering altar of Xom.
   753 | D:2      | Found a glowing silver altar of Zin.
   753 | D:2      | Noticed an angel
  1043 | D:2      | Reached XP level 3. HP: 25/25 MP: 7/11
  1127 | D:2      | Learned a level 2 spell: Blink
  1130 | D:2      | Learned a level 2 spell: Call Imp
  1134 | D:2      | Learned a level 3 spell: Conjure Flame
  1138 | D:2      | Learned a level 3 spell: Mephitic Cloud
  1164 | D:2      | Found a bloodstained altar of Trog.
  1178 | D:2      | Found Jicem's Book Shoppe.
  1353 | D:2      | HP: 1/37 [adder (4)]
  1355 | D:2      | Reached skill level 1 in Invocations
  2081 | D:2      | Found a shadowy altar of Dithmenos.
  2543 | D:3      | Reached skill level 1 in Fighting
  2543 | D:3      | Reached skill level 1 in Short Blades
  2543 | D:3      | Reached skill level 1 in Long Blades
  2543 | D:3      | Reached skill level 1 in Axes
  2543 | D:3      | Reached skill level 1 in Maces & Flails
  2543 | D:3      | Reached skill level 1 in Polearms
  2543 | D:3      | Reached skill level 1 in Staves
  2543 | D:3      | Reached skill level 1 in Slings
  2543 | D:3      | Reached skill level 1 in Bows
  2543 | D:3      | Reached skill level 1 in Crossbows
  2543 | D:3      | Reached skill level 1 in Throwing
  2543 | D:3      | Reached skill level 1 in Armour
  2543 | D:3      | Reached skill level 1 in Shields
  2543 | D:3      | Reached skill level 1 in Unarmed Combat
  2543 | D:3      | Reached skill level 1 in Evocations
  2698 | D:3      | Found an ornate altar of the Wu Jian Council.
  2710 | D:3      | Found a radiant altar of Vehumet.
  2770 | D:3      | Reached XP level 4. HP: 28/32 MP: 7/13
  3027 | D:3      | Found a shimmering blue altar of Sif Muna.
  3049 | D:3      | Found a broken altar of Ashenzari.
  3053 | D:3      | Became a worshipper of Ashenzari the Shackled
  3610 | D:4      | Reached skill level 1 in Hexes
  3610 | D:4      | Reached skill level 1 in Necromancy
  3610 | D:4      | Reached skill level 1 in Transmutations
  3610 | D:4      | Reached skill level 1 in Fire Magic
  3610 | D:4      | Reached skill level 1 in Ice Magic
  3610 | D:4      | Reached skill level 1 in Air Magic
  3610 | D:4      | Reached skill level 1 in Earth Magic
  3610 | D:4      | Reached skill level 1 in Poison Magic
  4065 | D:3      | Reached XP level 5. HP: 37/37 MP: 9/14
  4434 | D:4      | Learned a level 1 spell: Sandblast
  4437 | D:4      | Learned a level 2 spell: Passwall
  4792 | D:4      | Found a burning altar of Makhleb.
  4887 | D:5      | Entered Level 5 of the Dungeon
  4987 | D:5      | Reached XP level 6. HP: 44/44 MP: 8/16
  5217 | D:5      | Found an iron altar of Okawaru.
  5295 | D:5      | Reached skill level 5 in Dodging
  5400 | D:5      | Found a staircase to the Ecumenical Temple.
  5474 | Temple   | Entered the Ecumenical Temple
  5992 | D:5      | Reached XP level 7. HP: 51/51 MP: 11/18
  6416 | D:5      | Reached * piety under Ashenzari
  7730 | D:6      | Identified the +5 morningstar of Omisug {speed, *Rage rElec
                  | rN+ Dex+5}
  7923 | D:6      | Found a glowing golden altar of the Shining One.
  8258 | D:6      | Reached skill level 5 in Stealth
  8531 | D:6      | Reached XP level 8. HP: 60/60 MP: 16/20
 10110 | D:7      | Found Cysaetei's Antique Weapon Shop.
 10230 | D:7      | Bought an ebony long sword for 229 gold pieces
 10230 | D:7      | Identified the +9 long sword "Cuovuaz" {freeze, rN++ Int-2
                  | Dex+2 Stlth+} (You bought it in a shop on level 7 of the
                  | Dungeon)
 10306 | D:7      | Found Ucail's Distillery.
 10312 | D:7      | Found Wanwieniun's Distillery.
 10326 | D:7      | Bought a potion of lignification for 33 gold pieces
 10326 | D:7      | Bought a potion of haste for 110 gold pieces
 10347 | D:7      | Found Avvun's Antique Armour Boutique.
 10429 | D:7      | Reached XP level 9. HP: 44/66 MP: 22/22
 10736 | D:7      | Found Dujaiger's Armour Emporium.
 12055 | D:7      | Noticed an orc sorcerer
 12154 | D:7      | Noticed an orange demon
 12639 | D:6      | Reached skill level 5 in Invocations
 12963 | D:6      | Noticed a smoke demon
 13123 | D:6      | Killed an orc sorcerer
 13141 | D:7      | Reached XP level 10. HP: 76/76 MP: 15/23
 13417 | D:7      | Found a runed translucent door.
 13418 | D:7      | Noticed Crazy Yiuf
 13428 | D:7      | Killed Crazy Yiuf
 13602 | D:7      | Identified the cursed +2 cloak of the Shattered Comet
                  | {Elem, Evo} (You found it on level 4 of the Dungeon)
 13602 | D:7      | Identified the cursed +2 pair of boots of Ashenzari's
                  | Doubts {Evo, Self} (You found it on level 3 of the Dungeon)
 13975 | D:7      | Noticed an orc knight
 14026 | D:6      | Killed an unseen horror
 14027 | D:6      | Reached skill level 5 in Fighting
 14027 | D:6      | Reached skill level 5 in Short Blades
 14027 | D:6      | Reached skill level 5 in Long Blades
 14027 | D:6      | Reached skill level 5 in Axes
 14027 | D:6      | Reached skill level 5 in Maces & Flails
 14027 | D:6      | Reached skill level 5 in Polearms
 14027 | D:6      | Reached skill level 5 in Staves
 14027 | D:6      | Reached skill level 5 in Slings
 14027 | D:6      | Reached skill level 5 in Bows
 14027 | D:6      | Reached skill level 5 in Crossbows
 14027 | D:6      | Reached skill level 5 in Throwing
 14027 | D:6      | Reached skill level 5 in Armour
 14027 | D:6      | Reached skill level 5 in Shields
 14027 | D:6      | Reached skill level 5 in Unarmed Combat
 14027 | D:6      | Reached skill level 5 in Evocations
 14840 | D:8      | Noticed a two-headed ogre
 15046 | D:8      | Noticed Joseph
 15265 | D:8      | Killed a two-headed ogre
 15266 | D:8      | Reached skill level 5 in Conjurations
 15266 | D:8      | Reached skill level 5 in Summonings
 15266 | D:8      | Reached skill level 5 in Translocations
 16090 | D:8      | Killed Joseph
 16740 | D:8      | Found a staircase to the Lair.
 17027 | D:8      | Reached XP level 11. HP: 83/83 MP: 17/25
 17309 | Lair:1   | Entered Level 1 of the Lair of Beasts
 17837 | Lair:1   | Upgraded the game from 0.27-a0-732-ga892ba84f6 to
                  | 0.27-a0-760-gc38aae387d
 17837 | Lair:1   | HP: 2/84 [poisoned by a cane toad]
 17841 | Lair:1   | Reached skill level 5 in Hexes
 17841 | Lair:1   | Reached skill level 5 in Necromancy
 17841 | Lair:1   | Reached skill level 5 in Transmutations
 17841 | Lair:1   | Reached skill level 5 in Fire Magic
 17841 | Lair:1   | Reached skill level 5 in Ice Magic
 17841 | Lair:1   | Reached skill level 5 in Air Magic
 17841 | Lair:1   | Reached skill level 5 in Earth Magic
 17841 | Lair:1   | Reached skill level 5 in Poison Magic
 18794 | Lair:2   | Noticed a seven-headed hydra
 19402 | Lair:2   | Noticed a seven-headed hydra
 20101 | Lair:2   | Noticed a seven-headed hydra
 20250 | Lair:2   | Learned a level 4 spell: Petrify
 20256 | Lair:2   | Learned a level 5 spell: Lee's Rapid Deconstruction
 20391 | Lair:2   | Noticed a four-headed hydra
 20535 | Lair:2   | Killed a four-headed hydra
 20600 | Lair:2   | Killed a seven-headed hydra
 21866 | D:9      | Noticed Erica
 21867 | D:9      | Identified the +8 chain mail of Free Will {rC+ Int+4
                  | Stlth+}
 21876 | D:9      | Killed Erica
 21877 | D:9      | Reached XP level 12. HP: 92/92 MP: 21/26
 22054 | D:7      | Bought the +0 robe of the Stone Wall {Int+2 Stlth+} for 205
                  | gold pieces
 22122 | D:9      | Found Moirilum's Book Emporium.
 22392 | D:9      | Reached skill level 10 in Spellcasting
 22689 | D:9      | Learned a level 3 spell: Stone Arrow
 22695 | D:9      | Learned a level 5 spell: Yara's Violent Unravelling
 23227 | D:10     | Entered Level 10 of the Dungeon
 23719 | D:10     | Reached ** piety under Ashenzari
 25174 | D:11     | Noticed a two-headed ogre
 25202 | D:10     | Killed a two-headed ogre
 25403 | D:11     | Found Efaru's Antique Armour Emporium.
 27130 | Lair:2   | Found a staircase to the Shoals.
 27398 | Shoals:1 | Entered Level 1 of the Shoals
 27398 | Shoals:1 | Noticed a merfolk avatar
 28068 | Lair:2   | Killed a seven-headed hydra
 28500 | Lair:3   | Noticed Fannar
 28525 | Lair:3   | Noticed an eight-headed hydra
 28830 | Lair:4   | Noticed a four-headed hydra
 28840 | Lair:4   | Killed a four-headed hydra
 28841 | Lair:4   | Reached XP level 13. HP: 103/103 MP: 14/29
 28962 | Lair:4   | Found a hole to the Spider Nest.
 30683 | D:9      | Found a staircase to the Orcish Mines.
 30722 | Orc:1    | Entered Level 1 of the Orcish Mines
 31441 | D:9      | Learned a level 5 spell: Lightning Bolt
 31723 | Orc:2    | Entered Level 2 of the Orcish Mines
 33309 | Orc:2    | Reached *** piety under Ashenzari
 33470 | Orc:2    | Found Liwop's Magic Scroll Boutique.
 34152 | Orc:2    | Found Saxups's Antique Weapon Shop.
 34683 | Orc:2    | Found a staircase to the Elven Halls.
 34688 | Elf:1    | Entered Level 1 of the Elven Halls
 35659 | D:11     | Bought a masterwork leather armour for 217 gold pieces
 35659 | D:11     | Identified the +1 leather armour of Mirienk {rF+ rC- rN+
                  | Int+3} (You bought it in a shop on level 11 of the Dungeon)
 35948 | D:7      | Bought an encrusted leather armour for 154 gold pieces
 35948 | D:7      | Identified the +2 leather armour of Imophog {rElec rPois
                  | Regen+ Int-2} (You bought it in a shop on level 7 of the
                  | Dungeon)
 36705 | D:11     | Learned a level 2 spell: Swiftness
 36712 | D:11     | Learned a level 5 spell: Bolt of Magma
 36787 | D:11     | Found a runed translucent gate.
 36788 | D:11     | Found a runed translucent gate.
 36789 | D:11     | Found an opulent altar of Gozag.
 36789 | D:11     | Found a runed translucent gate.
 36792 | D:11     | Noticed ThereIsNoGod's ghost (journeyman OpFi)
 36793 | D:11     | Found Jigirof's Assorted Antiques.
 36932 | D:12     | Reached XP level 14. HP: 113/113 MP: 20/31
 36954 | D:12     | Noticed Frances
 37117 | D:12     | Reached skill level 10 in Dodging
 37157 | D:12     | Noticed Nergalle
 37164 | D:12     | Noticed Josephine
 37792 | D:10     | Killed Nergalle
 37947 | D:12     | Killed Josephine
 38606 | D:12     | Killed Frances
 38607 | D:12     | Reached skill level 10 in Stealth
 38811 | D:12     | Upgraded the game from 0.27-a0-760-gc38aae387d to
                  | 0.27-a0-789-g6bb3289e1e
 39618 | D:13     | Reached skill level 10 in Invocations
 39817 | D:13     | Noticed a vampire knight
 39835 | D:13     | Killed a vampire knight
 39949 | D:13     | Noticed Erolcha
 39957 | D:13     | Killed Erolcha
 40104 | D:13     | Noticed a vampire knight
 40128 | D:13     | Killed a vampire knight
 40265 | D:13     | Found the +8 Vampire's Tooth {vamp}
 40496 | D:13     | Reached **** piety under Ashenzari
 41777 | D:14     | Noticed a fire giant
 41778 | D:14     | Noticed a sphinx
 41779 | D:14     | Noticed a stone giant
 41826 | D:14     | Found a runed translucent door.
 41832 | D:14     | Noticed a storm dragon
 43400 | D:14     | Found a gate to the Vaults.
 43485 | D:14     | Reached XP level 15. HP: 104/123 MP: 16/33
 43922 | D:15     | Entered Level 15 of the Dungeon
 43922 | D:15     | Found a gate leading to a gauntlet.
 43925 | Gauntlet | Entered a Gauntlet
 43925 | Gauntlet | Found a transporter.
 43925 | Gauntlet | Found a transporter.
 43929 | Gauntlet | Identified the +2 hand axe of Pain and Death {vorpal,
                  | Dex+3}
 43931 | Gauntlet | Found a transporter.
 43932 | Gauntlet | Found a transporter.
 43932 | Gauntlet | Found a transporter.
 43933 | Gauntlet | Found a transporter.
 43965 | Gauntlet | Found a transporter.
 43969 | Gauntlet | Found a transporter.
 43980 | Gauntlet | Found a transporter.
 43993 | Gauntlet | Identified the +4 long sword of the Eight Portals {freeze,
                  | Str+2 Int+3}
 43993 | Gauntlet | Identified the -2 hat of Action {-Cast rF+ Str+3 Slay+3}
 43994 | Gauntlet | Found a runed translucent gate.
 43995 | Gauntlet | Found a transporter.
 43995 | Gauntlet | Found a runed translucent gate.
 43996 | Gauntlet | Found a runed translucent gate.
 44009 | Gauntlet | Found a transporter.
 44013 | Gauntlet | Found a transporter.
 44256 | Gauntlet | Learned a level 5 spell: Metabolic Englaciation
 44889 | Gauntlet | Identified the ring of Ephemeral Luck {Wiz rN+}
 46467 | D:14     | Reached skill level 10 in Fighting
 46467 | D:14     | Reached skill level 10 in Short Blades
 46467 | D:14     | Reached skill level 10 in Long Blades
 46467 | D:14     | Reached skill level 10 in Axes
 46467 | D:14     | Reached skill level 10 in Maces & Flails
 46467 | D:14     | Reached skill level 10 in Polearms
 46467 | D:14     | Reached skill level 10 in Staves
 46467 | D:14     | Reached skill level 10 in Slings
 46467 | D:14     | Reached skill level 10 in Bows
 46467 | D:14     | Reached skill level 10 in Crossbows
 46467 | D:14     | Reached skill level 10 in Throwing
 46467 | D:14     | Reached skill level 10 in Armour
 46467 | D:14     | Reached skill level 10 in Shields
 46467 | D:14     | Reached skill level 10 in Unarmed Combat
 46467 | D:14     | Reached skill level 10 in Evocations
 46960 | D:15     | Paralysed by an ogre mage for 5 turns
 48424 | D:15     | Found a staircase to the Depths.
 48953 | D:9      | Bought a Young Poisoner's Handbook for 640 gold pieces
 49003 | D:9      | Learned a level 4 spell: Olgreb's Toxic Radiance
 49886 | Orc:2    | Noticed an orc warlord
 49921 | Orc:2    | Killed an orc warlord
 50278 | Orc:2    | Found Kuebudopt's Weapon Shop.
 50322 | Orc:2    | Gained mutation: Your magical capacity is low. (-10% MP) [a
                  | neqoxec]
 50505 | Orc:2    | Found Pimpoff's Armour Boutique.
 51167 | Lair:4   | Reached XP level 16. HP: 132/132 MP: 19/31
 53311 | Lair:5   | Found a staircase to the Slime Pits.
 53311 | Lair:5   | Found a viscous altar of Jiyva.
 53917 | Lair:6   | Entered Level 6 of the Lair of Beasts
 54114 | Lair:4   | Learned a level 6 spell: Iron Shot
 54166 | Spider:1 | Entered Level 1 of the Spider Nest
 55081 | Spider:1 | Noticed Louise
 55396 | Spider:1 | Cast into level 3 of the Abyss (Louise)
 55493 | Spider:1 | Escaped the Abyss
 55501 | Spider:1 | Killed Louise
 55785 | Spider:1 | Noticed Rupert
 55797 | Spider:1 | Killed Rupert
 56110 | Spider:2 | Identified the +0 cloak of the Desert {rC- Dex+7}
 57257 | Spider:2 | Reached ***** piety under Ashenzari
 57966 | Spider:3 | Reached XP level 17. HP: 137/137 MP: 20/32
 58579 | Spider:3 | Upgraded the game from 0.27-a0-789-g6bb3289e1e to
                  | 0.27-a0-797-g27d10ad80f
 59318 | Spider:3 | Reached skill level 10 in Conjurations
 59318 | Spider:3 | Reached skill level 10 in Summonings
 59318 | Spider:3 | Reached skill level 10 in Translocations
 59557 | Spider:3 | Noticed Arachne
 60710 | Spider:3 | Paralysed by a hornet for 1 turns
 61132 | Spider:2 | Killed Arachne
 61841 | Spider:4 | Entered Level 4 of the Spider Nest
 61878 | Spider:4 | Reached skill level 10 in Hexes
 61878 | Spider:4 | Reached skill level 10 in Necromancy
 61878 | Spider:4 | Reached skill level 10 in Transmutations
 61878 | Spider:4 | Reached skill level 10 in Fire Magic
 61878 | Spider:4 | Reached skill level 10 in Ice Magic
 61878 | Spider:4 | Reached skill level 10 in Air Magic
 61878 | Spider:4 | Reached skill level 10 in Earth Magic
 61878 | Spider:4 | Reached skill level 10 in Poison Magic
 63977 | Spider:3 | Reached XP level 18. HP: 90/146 MP: 2/34
 64568 | Spider:4 | Got a gossamer rune of Zot
 67147 | Shoals:2 | Found a runed translucent door.
 67196 | Shoals:2 | Noticed Ineot's ghost (adept HaHu)
 67470 | Shoals:3 | Found Banoleps's Antique Armour Shoppe.
 67525 | Shoals:3 | Noticed Mara
 68947 | Shoals:3 | Noticed Ilsuiw
 69125 | Shoals:3 | HP: 4/147 [Ilsuiw/shard of ice (44)]
 69125 | Shoals:3 | Hit by a javelin thrown by a merfolk javelineer

Illustrated notes

Levels and vault maps discovered:
D:1:      minmay_arrival_cross, layout_rooms, ebering_dispersal_statue_hall,
          amcnicky_mini_pool_small, corexii_hall_statues_x
D:2:      layout_basic, grunt_temple_overflow_order_and_chaos_1,
          lemuel_round_altar, serial_shops, shop, bloody_trog
D:3:      layout_loops_cross, nicolae_overflow_quartered_altars
D:4:      layout_loops_cross, makhleb_blood_cavern_becter
D:5:      minmay_octagon_keep, layout_basic, minmay_temple_entry_stoned_glass,
          okawaru_trees_2
D:6:      layout_loops_ring, tso_metal_star
D:7:      lemuel_castle_with_subvaults [lemuel_castle_interior_original],
          layout_rooms, serial_shops, nicolae_shop_statue_plus, shop,
          kennysheep_mini_moat, shop, shop, uniq_crazy_yiuf_cottage
D:8:      layout_loops_ring, minmay_lair_entry_grove, lemuel_flame_loot_1,
          uniq_joseph
D:9:      layout_roguey, erik_orc_1, serial_shops, kennysheep_little_box,
          minivault_8, uniq_erica
D:10:     layout_basic
D:11:     layout_basic, ebering_ghost_gozag, serial_shops, shop
D:12:     layout_cave_pools, uniq_frances, uniq_josephine, uniq_nergalle
D:13:     layout_stronghold, minmay_guarded_unrand_vampires_tooth, uniq_erolcha
D:14:     minmay_gate_of_8, layout_long_grid,
          hangedman_vaults_entry_quadrant_bands, minmay_stone_trees_medium,
          eino_jars
D:15:     grunt_enter_depths_magical_seal, layout_basic,
          serial_co_window_serial, co_window_of_opportunity_a,
          co_window_paths_a, co_window_paths_a, co_window_paths_b,
          co_window_cross_1, co_window_corner_cb, co_window_of_opportunity_c,
          co_window_broadway_b, co_window_2corner, co_window_corner_b,
          glass_columns_a, glass_columns_a, glass_columns_c, glass_columns_a,
          glass_columns_a, gauntlet_entry_generic, minmay_misc_feat_pillars
Temple:   nicolae_temple_great_sept
Lair:1:   layout_regular_city
Lair:2:   layout_chaotic_city, minmay_shoals_entry_hut, guppyfry_lair_drakes
Lair:3:   wander_river, layout_regular_city, uniq_fannar
Lair:4:   layout_roguey, spider_nest_entry_rubble,
          chequers_serial_rivers_micro_e, chequers_serial_rivers_marsh,
          chequers_serial_rivers_small_a, minmay_lair_oklob_chamber,
          grunt_megastairs_3, lemuel_fruit_fields
Lair:5:   layout_regular_city, slime_altar_1, minivault_27,
          serial_bayou_shore_b, grunt_megastairs_5
Lair:6:   hangedman_lair_tendril_chambers, layout_gridlike, wormcave,
          lemuel_oklob_altar
Shoals:1: layout_shoals, nicolae_shoals_kraken_intersection
Shoals:2: layout_shoals, ebering_ghost_reflecting_pool
Shoals:3: layout_shoals, serial_shops, shop_statue, shop, lemuel_centaur_altar,
          uniq_mara, uniq_ilsuiw
Spider:1: layout_spider_delve, hangedman_spider_tarantella_strand, uniq_rupert,
          uniq_louise
Spider:2: layout_spider_delve, nicolae_spider_webs_and_nodes,
          nicolae_spider_cling_halls
Spider:3: nicolae_spider_corner, uniq_arachne
Spider:4: grunt_spider_rune_circles
Orc:1:    layout_caves, basic_altar
Orc:2:    pubby_orc_utopia
Elf:1:    minmay_elf_arrival_circle, layout_rooms, serial_shops,
          nicolae_shop_temple_entry_statues_fountains,
          gammafunk_ghost_berserking_beasts, minmay_elf_demonology, laboratory

Skill      XL: |  1  2  3  4  5  6  7  8  9 10 11 12 13 14 15 16 17 18 |
---------------+-------------------------------------------------------+-----
Conjurations   | 2 3 4 5 6 7 8 9 10 | 10.7
Summonings     | 2 3 4 5 6 7 8 9 10 | 10.7
Translocations | 2 3 4 5 6 7 8 9 10 | 10.7
Invocations    | 1 2 3 4 5 6 7 8 9 10 11 12 13 | 13.2
Fighting       | 1 2 3 4 5 6 7 8 9 10 11 12 | 12.2
Short Blades   | 1 2 3 4 5 6 7 8 9 10 11 12 | 12.2
Long Blades    | 1 2 3 4 5 6 7 8 9 10 11 12 | 12.2
Axes           | 1 2 3 4 5 6 7 8 9 10 11 12 | 12.2
Maces & Flails | 1 2 3 4 5 6 7 8 9 10 11 12 | 12.2
Polearms       | 1 2 3 4 5 6 7 8 9 10 11 12 | 12.2
Staves         | 1 2 3 4 5 6 7 8 9 10 11 12 | 12.2
Slings         | 1 2 3 4 5 6 7 8 9 10 11 12 | 12.2
Bows           | 1 2 3 4 5 6 7 8 9 10 11 12 | 12.2
Crossbows      | 1 2 3 4 5 6 7 8 9 10 11 12 | 12.2
Throwing       | 1 2 3 4 5 6 7 8 9 10 11 12 | 12.2
Armour         | 1 2 3 4 5 6 7 8 9 10 11 12 | 12.2
Shields        | 1 2 3 4 5 6 7 8 9 10 11 12 | 12.2
Unarmed Combat | 1 2 3 4 5 6 7 8 9 10 11 12 | 12.2
Evocations     | 1 2 3 4 5 6 7 8 9 10 11 12 | 12.2
Hexes          | 1 2 3 4 5 6 7 8 9 10 | 10.4
Necromancy     | 1 2 3 4 5 6 7 8 9 10 | 10.4
Transmutations | 1 2 3 4 5 6 7 8 9 10 | 10.4
Fire Magic     | 1 2 3 4 5 6 7 8 9 10 | 10.4
Ice Magic      | 1 2 3 4 5 6 7 8 9 10 | 10.4
Air Magic      | 1 2 3 4 5 6 7 8 9 10 | 10.4
Earth Magic    | 1 2 3 4 5 6 7 8 9 10 | 10.4
Poison Magic   | 1 2 3 4 5 6 7 8 9 10 | 10.4
Dodging        | 5 6 7 8 9 10 11 12 | 12.9
Stealth        | 5 6 7 8 9 10 11 12 | 12.8
Spellcasting   | 8 9 10 11 12 13 | 13.8

Action                   |  1- 3 |  4- 6 |  7- 9 | 10-12 | 13-15 | 16-18 || total
-------------------------+-------+-------+-------+-------+-------+-------++-------
Melee: Dagger            |    34 |     8 |    29 |       |       |       ||    71
       Bite              |     2 |       |    12 |    47 |    75 |    53 ||   189
       Morningstar       |       |       |    75 |       |       |       ||    75
       Long sword        |       |       |    56 |   376 |   577 |    72 ||  1081
       Punch             |       |       |     3 |    15 |    17 |       ||    35
       Staff             |       |       |       |       |       |   338 ||   338
Throw: Stone             |     4 |       |       |       |       |       ||     4
       Dart              |       |       |     6 |    70 |   291 |    34 ||   401
       Boomerang         |       |       |       |       |     2 |       ||     2
 Cast: Magic Dart        |   106 |    98 |   212 |   402 |   338 |    50 ||  1206
       Call Imp          |     2 |    19 |   109 |    25 |     2 |       ||   157
       Blink             |     2 |     3 |    10 |    50 |    87 |    66 ||   218
       Sandblast         |       |    32 |    17 |    41 |     2 |       ||    92
       Mephitic Cloud    |       |       |    13 |    63 |   164 |    21 ||   261
       Conjure Flame     |       |       |       |     2 |       |       ||     2
       Petrify           |       |       |       |    38 |   120 |    59 ||   217
       Lee's Rapid Decon |       |       |       |    28 |    64 |    28 ||   120
       Stone Arrow       |       |       |       |    38 |   201 |    22 ||   261
       Yara's Violent Un |       |       |       |     1 |     9 |       ||    10
       Lightning Bolt    |       |       |       |       |     9 |       ||     9
       Bolt of Magma     |       |       |       |       |    46 |     2 ||    48
       Swiftness         |       |       |       |       |     2 |       ||     2
       Olgreb's Toxic Ra |       |       |       |       |   100 |   404 ||   504
       Metabolic Englaci |       |       |       |       |     7 |    12 ||    19
       Passwall          |       |       |       |       |     2 |       ||     2
       Iron Shot         |       |       |       |       |       |   137 ||   137
Invok: Curse Item        |       |     1 |     1 |     2 |     3 |     2 ||     9
       Shatter the Chain |       |       |       |       |       |     1 ||     1
Evoke: Wand              |       |       |       |     9 |    12 |    17 ||    38
  Use: Potion            |     1 |       |     3 |     4 |     3 |     3 ||    14
       Scroll            |       |       |     1 |     3 |     3 |     2 ||     9
 Stab: Distracted        |       |       |     2 |     1 |     1 |       ||     4
       Confused          |       |       |     1 |    11 |    16 |     1 ||    29
       Petrified         |       |       |       |    29 |   159 |   130 ||   318
       Sleeping          |       |       |       |     3 |     1 |       ||     4
       Petrifying        |       |       |       |       |     3 |     4 ||     7
       Invisible         |       |       |       |       |     2 |     1 ||     3
       Paralysed         |       |       |       |       |       |     4 ||     4
Armor: Robe              |    19 |    21 |    58 |   113 |   122 |   149 ||   482
       Skin              |       |       |       |    24 |       |       ||    24
Dodge: Dodged            |    52 |    49 |   180 |   297 |   386 |   403 ||  1367
Block: Buckler           |       |       |       |       |    77 |   183 ||   260
       Rpst.: Long sword |       |       |    16 |    68 |    89 |    17 ||   190

Table legend: (Time is in decaauts)
 A = Elapsed time spent in this place.
 B = Non-inter-level travel time spent in this place.
 C = Inter-level travel time spent in this place.
 D = Time resting spent in this place.
 E = Time spent auto-exploring this place.
 F = Levels seen in this place.
 G = Mean time per level.
                   A        B        C        D        E       F      G
               +--------+--------+--------+--------+--------+-----+--------+
         Total |  69299 |  65234 |   4065 |  29614 |  14144 |  34 | 2038.2 |
       Dungeon |  35998 |  33748 |   2250 |  15214 |   8245 |  15 | 2399.9 |
        Temple |    681 |    681 |      0 |    614 |      0 |   1 |  681.0 |
          Lair |  11202 |  10344 |    858 |   4055 |   2667 |   6 | 1867.0 |
        Shoals |   4005 |   3940 |     65 |   1858 |    760 |   3 | 1335.0 |
   Spider Nest |  10043 |   9452 |    591 |   4878 |   1477 |   4 | 2510.8 |
  Orcish Mines |   6036 |   5737 |    299 |   2441 |    978 |   2 | 3018.0 |
   Elven Halls |      1 |      1 |      0 |      0 |      0 |   1 |    1.0 |
         Abyss |     96 |     96 |      0 |     64 |      0 |   1 |   96.0 |
      Gauntlet |   1234 |   1234 |      0 |    490 |     16 |   1 | 1234.0 |
               +--------+--------+--------+--------+--------+-----+--------+

Top non-repeatable levels by time:
   Orc:2: 4955 daAuts
     D:7: 3735 daAuts
     D:6: 3661 daAuts
     D:9: 3267 daAuts
  Lair:4: 3172 daAuts
    D:10: 3058 daAuts
    D:14: 3046 daAuts
Spider:2: 2815 daAuts
  Lair:1: 2806 daAuts
  Lair:2: 2806 daAuts
Spider:3: 2758 daAuts
    D:15: 2750 daAuts
    D:11: 2700 daAuts
    D:13: 2589 daAuts
Spider:1: 2548 daAuts
